 Dungeon Crawl Stone Soup version 0.28-a0-475-g7dc2aef8ca (webtiles) character file.

Game seed: 11495625466968534634

52 Dabor the Skirmisher (level 4, -8/37 HPs)
             Began as a Formicid Abyssal Knight on Sept 16, 2021.
             Was a Follower of Lugonu.
             Killed from afar by Sigmund (10 damage)
             ... with a puff of flame
             ... on level 2 of the Dungeon.
             The game lasted 00:04:23 (2248 turns).

Dabor the Skirmisher (Formicid Abyssal Knight)      Turns: 2248, Time: 00:04:24

Health: -8/37      AC:  4    Str: 18    XL:     4   Next: 8%
Magic:  6/6        EV: 11    Int: 11    God:    Lugonu [*.....]
Gold:   101        SH:  0    Dex: 10    Spells: 3/3 levels left

rFire   . . .      SeeInvis +   a - +1 spear
rCold   . . .      Faith    .   (no shield)
rNeg    . . .      Spirit   .   b - +1 leather armour
rPois   .          Reflect  .   (helmet unavailable)
rElec   .          Harm     .   (no cloak)
rCorr   .          Rampage  .   (no gloves)
Will    .....                   (no boots)
Stlth   +.........              (no amulet)
HPRegen 0.12/turn               (no ring)
MPRegen 0.10/turn               (no ring)

@: no status effects
A: permanent stasis, dig shafts and tunnels, antennae 3, four strong arms
a: Dig, Shaft Self, Renounce Religion, Depart the Abyss


You were on level 2 of the Dungeon.
You worshipped Lugonu.
Lugonu was aware of your devotion.
You visited 1 branch of the dungeon, and saw 2 of its levels.
You visited the Abyss 1 time.

You collected 101 gold pieces.

Inventory:

Hand Weapons
 a - a +1 spear (weapon)
Armour
 b - a +1 leather armour (worn)
Scrolls
 d - 2 scrolls of amnesia
 e - a scroll of identify
 f - a scroll of holy word {unknown}
 g - 2 scrolls of fear
Potions
 h - a potion of heal wounds {unknown}
 i - 2 potions of curing
 j - 2 potions of ambrosia {unknown}


   Skills:
 + Level 3.7 Fighting
 + Level 2.5 Polearms
 + Level 2.8 Armour
 + Level 1.5 Dodging
 + Level 2.8 Invocations


You had 3 spell levels left.
You didn't know any spells.
Your spell library contained the following spells:

 Spells                   Type           Power      Damage    Failure   Level
 Ensorcelled Hibernation  Hex/Ice        0%         N/A       54%         2
 Spider Form              Tmut/Pois      0%         N/A       77%         3


Dungeon Overview and Level Annotations

Branches:
Dungeon (2/15)

Altars:

Annotations:
D:2 Sigmund, Terence


Innate Abilities, Weirdness & Mutations

You cannot be hasted, slowed, berserked, paralysed or teleported.
You can dig through walls and to a lower floor.
You have a pair of large antennae on your head. (SInv)
Your four strong arms can wield two-handed weapons with a shield.


Message History

Press: ? - help, Dir - move target, f/p - Sigmund
Aim: Sigmund, wielding a +0 scythe and wearing a +0 robe (severely wounded, slightly transparent, about 42% to evade your +1 spear)
You reach to attack!
Your leather armour prevents you from hitting Sigmund.
Sigmund is severely wounded.
Sigmund hits you from afar with a +0 scythe!
* * * LOW HITPOINT WARNING * * *
Reach: a) +1 spear
Press: ? - help, Dir - move target, f/p - Sigmund
Aim: Sigmund, wielding a +0 scythe and wearing a +0 robe (severely wounded, slightly transparent, about 42% to evade your +1 spear)
You reach to attack!
You hit Sigmund but do no damage.
Sigmund is severely wounded.
Reach: a) +1 spear
Press: ? - help, Dir - move target, f/p - Sigmund
Aim: Sigmund, wielding a +0 scythe and wearing a +0 robe (severely wounded, slightly transparent, about 42% to evade your +1 spear)
You reach to attack!
You puncture Sigmund!
Sigmund is almost dead.
Sigmund flickers, as though insubstantial.
Sigmund closely misses you.
Reach: a) +1 spear
Press: ? - help, Dir - move target, f/p - Sigmund
Aim: Sigmund, wielding a +0 scythe and wearing a +0 robe (almost dead, slightly transparent, about 42% to evade your +1 spear)
You reach to attack!
You barely miss Sigmund.
Sigmund is almost dead.
Sigmund hits you from afar with a +0 scythe.
* * * LOW HITPOINT WARNING * * *
Reach: a) +1 spear
Press: ? - help, Dir - move target, f/p - Sigmund
Aim: Sigmund, wielding a +0 scythe and wearing a +0 robe (almost dead, slightly transparent, about 42% to evade your +1 spear)
You reach to attack!
You barely miss Sigmund.
Sigmund is almost dead.
Reach: a) +1 spear
Press: ? - help, Dir - move target, f/p - Sigmund
Aim: Sigmund, wielding a +0 scythe and wearing a +0 robe (almost dead, slightly transparent, about 42% to evade your +1 spear)
You reach to attack!
You hit Sigmund but do no damage.
Sigmund is almost dead.
Sigmund screams, "I am the angel of ZOT!!!"
Sigmund gestures at you while chanting. The puff of flame hits you!
You die...

#........# #.####.#.#
###.#.# # #....)##
###.##.##.#.########
.......#.###.......#######
.##..## ##............# #
#...###.............# ##
###..#@######.##....# ..
##..## #.##.#.## ##
#.....@## #.##.#.#
#.###..# ####.##.#.# #..#
#....##.#.# #..#
#.#####.#.# ...#
#..†....#.# #.#.#
#..######.# ... .....
#..######.####


You could see Sigmund (invisible).

Vanquished Creatures
  An adder (D:2)
  A worm (D:1)
  3 dart slugs
  An orc (D:2)
  3 endoplasms (D:1)
  A giant cockroach (D:1)
  2 goblins
  4 hobgoblins
  3 jackals (D:1)
  3 kobolds
  A quokka (D:2)
  A ball python (D:1)
  2 bats
  4 frilled lizards
  2 rats
32 creatures vanquished.

Vanquished Creatures (others)
  2 plants (D:2)
2 creatures vanquished.

Grand Total: 34 creatures vanquished

Notes
Turn   | Place    | Note
-------+----------+-------------------------------------------
     0 | Abyss:1  | Dabor the Formicid Abyssal Knight began the quest for the
                  | Orb.
     0 | Abyss:1  | Reached XP level 1. HP: 18/18 MP: 2/2
   252 | Abyss:1  | Noticed a tentacled starspawn
   258 | Abyss:1  | Noticed a large abomination
   259 | Abyss:1  | Noticed a small abomination
   291 | Abyss:1  | Noticed a wretched star
   291 | Abyss:1  | Noticed a salamander
   291 | Abyss:1  | Noticed a black bear
   291 | Abyss:1  | Noticed an unseen horror
   291 | Abyss:1  | Noticed a shadow demon
   292 | Abyss:1  | Noticed a shadow demon
   293 | D:1      | Escaped the Abyss
   354 | D:1      | Reached skill level 1 in Dodging
   533 | D:1      | Reached XP level 2. HP: 18/24 MP: 3/3
   609 | D:1      | Reached * piety under Lugonu
   707 | D:1      | Found a faded altar of an unknown god.
   953 | D:1      | Reached XP level 3. HP: 24/29 MP: 4/4
  1592 | D:2      | Noticed Terence
  1918 | D:2      | Reached XP level 4. HP: 36/37 MP: 6/6
  2027 | D:2      | Noticed Sigmund
  2248 | D:2      | Killed from afar by Sigmund

Illustrated notes

Levels and vault maps discovered:
D:1:      amcnicky_arrival_feature_with_door, layout_rooms,
          chequers_ecumenical_altar_island, minmay_tripent
D:2:      cheibrodos_old_hovel, layout_loops_ring,
          chequers_serial_rivers_room_b, st_stairs_10, uniq_sigmund,
          uniq_terence

Skill      XL: |  1 |
---------------+----+-----
Dodging        | 1 |  1.5
Fighting       | |  3.7
Polearms       | |  2.5
Armour         | |  2.8
Invocations    | |  2.8

Action                   |  1- 3 |  4- 6 || total
-------------------------+-------+-------++-------
Melee: Spear             |   115 |    21 ||   136
Invok: Depart the Abyss  |     1 |       ||     1
 Abil: Dig               |     2 |       ||     2
  Use: Scroll            |     1 |     3 ||     4
       Potion            |     1 |       ||     1
 Stab: Sleeping          |     1 |       ||     1
Armor: Leather armour    |    18 |     4 ||    22
Dodge: Dodged            |    30 |     4 ||    34

Table legend: (Time is in decaauts)
 A = Elapsed time spent in this place.
 B = Non-inter-level travel time spent in this place.
 C = Inter-level travel time spent in this place.
 D = Time resting spent in this place.
 E = Time spent auto-exploring this place.
 F = Levels seen in this place.
 G = Mean time per level.
                   A        B        C        D        E       F      G
               +--------+--------+--------+--------+--------+-----+--------+
         Total |   2265 |   2201 |     64 |    396 |   1335 |   3 |  755.0 |
       Dungeon |   1972 |   1908 |     64 |    296 |   1191 |   2 |  986.0 |
         Abyss |    293 |    293 |      0 |    100 |    144 |   1 |  293.0 |
               +--------+--------+--------+--------+--------+-----+--------+

Top non-repeatable levels by time:
     D:1: 1371 daAuts
     D:2: 601 daAuts
 Abyss:1: 293 daAuts
